 Dungeon Crawl Stone Soup version 0.29.0-4-gdea44cf6ec (webtiles) character file.

Game seed: 2818263549555164491

9 qw the Chopper (level 2, 0/17 HPs)
             Began as a Tengu Warper on Aug 29, 2022.
             Slain by a gnoll
             ... wielding a +0 club
              (2 damage)
             ... on level 1 of the Dungeon.
             The game lasted 00:00:10 (543 turns).

qw the Chopper (Tengu Warper)                        Turns: 543, Time: 00:00:10

Health: 0/17       AC:  3    Str: 11    XL:     2   Next: 12%
Magic:  6/6        EV: 11    Int: 13    God:
Gold:   18         SH:  0    Dex: 13    Spells: 5/5 levels left

rFire   . . .      SeeInvis .   a - +0 hand axe
rCold   . . .      Faith    .   (no shield)
rNeg    . . .      Spirit   .   b - +0 leather armour
rPois   .          Reflect  .   (helmet restricted)
rElec   .          Harm     .   (no cloak)
rCorr   .          Rampage  .   (no gloves)
Will    .....                   (boots unavailable)
Stlth   +.........              (no amulet)
HPRegen 0.05/turn               (no ring)
MPRegen 0.10/turn               (no ring)

@: no status effects
A: beak, talons 3
a: no special abilities


You were on level 1 of the Dungeon.
You visited 1 branch of the dungeon, and saw 1 of its levels.

You collected 18 gold pieces.


Innate Abilities, Weirdness & Mutations

You have a beak for a mouth.
You have claws for feet.


   Skills:
 - Level 2.0 Fighting
 + Level 3.1 Axes
 - Level 1.0 Throwing
 - Level 1.1 Armour
 - Level 2.1 Dodging
 - Level 2.0 Spellcasting
 - Level 2.4 Translocations


You had 5 spell levels left.
You didn't know any spells.
Your spell library contained the following spells:

 Spells                   Type           Power      Damage    Failure   Level
 Blink                    Tloc           14%        N/A       19%         2
 Gell's Gravitas          Tloc           7%         N/A       36%         3
 Lesser Beckoning         Tloc           7%         N/A       36%         3
 Teleport Other           Tloc           7%         N/A       36%         3
 Manifold Assault         Tloc           7%         N/A       98%         5

Inventory:

Hand Weapons
 a - a +0 hand axe (weapon)
 l - a +0 whip
Missiles
 h - 4 javelins (quivered)
Armour
 b - a +0 leather armour (worn)
 f - a +0 ring mail
Scrolls
 c - a scroll of blinking
 e - a scroll of teleportation {unknown}
 j - a scroll of identify {unknown}
 k - a scroll of fog {unknown}
Potions
 g - a potion of might {unknown}
 i - a potion of brilliance {unknown}

Dungeon Overview and Level Annotations

Branches:
Dungeon (1/15)

Altars:


Message History

Press: ? - help, Q - select action Shift-Dir - straight line, f - spectral kobold You throw a javelin.
The javelin pierces through the spectral kobold!
You destroy the spectral kobold!
You hear a splash.
You enter the shallow water.
Moving in this stuff is going to be slow.
Found a faded altar of an unknown god.
You enter the shallow water.
Moving in this stuff is going to be slow.
You enter the shallow water.
Moving in this stuff is going to be slow.
You now have 18 gold pieces (gained 7).
You see here a +0 rapier of flaming.
You enter the shallow water.
Moving in this stuff is going to be slow.
h - 4 javelins (gained 1)
You see here a +0 rapier of flaming.
You enter the shallow water.
Moving in this stuff is going to be slow.
A gnoll comes into view. It is wielding a +0 club.
You hit the gnoll but do no damage. The gnoll hits you with a +0 club.
You barely miss the gnoll. The gnoll closely misses you.
You completely miss the gnoll. The gnoll hits you with a +0 club.
The gnoll barely misses you.
You hit the gnoll. You claw the gnoll, but do no damage.
The gnoll is moderately wounded.
The gnoll hits you with a +0 club.
You barely miss the gnoll.
The gnoll is moderately wounded.
The gnoll hits you with a +0 club.
You barely miss the gnoll. Your kick misses the gnoll.
The gnoll is moderately wounded.
The gnoll hits you with a +0 club.
You closely miss the gnoll. You claw the gnoll. Your peck misses the gnoll.
The gnoll is severely wounded.
The gnoll hits you with a +0 club.
You die...

....#~~#### .## #....
..~~#~.~~##..# #.... .
..~.#~.~~~#..# '.... ..
#~.~~.~~~+~.### #....
.###..~_..~~+.... ##...
.....~#~..~~+..# #....
####...~.~~)~#~.# #
#....
#....~##~.~~#~~##.#.#
#....
#.##..~~.####..@[...#
#....
#....~#8.#~.~##g#.#....
#....
.####.~###~......# # .
####.
......%.~...###### ##
+######.#+#...# #
#...........# #
#.##........# #
#>##........# .# #
#.###........ #.#


You could see a gnoll.

Vanquished Creatures
  An endoplasm (D:1)
  A goblin (D:1)
  2 hobgoblins (D:1)
  A quokka (D:1)
  A ball python (D:1)
  A rat (D:1)
  A spectral kobold (D:1)
8 creatures vanquished.

Notes
Turn   | Place    | Note
-------+----------+-------------------------------------------
     0 | D:1      | qw the Tengu Warper began the quest for the Orb.
     0 | D:1      | Reached XP level 1. HP: 12/12 MP: 4/4
     0 | D:1      | 0 ||| qw: Version: 0.1-a-89-g26bdef1
     0 | D:1      | 0 ||| qw: Game counter: 3641
     0 | D:1      | 0 ||| qw: Always use a shield: true
     0 | D:1      | 0 ||| qw: God list: Okawaru
     0 | D:1      | 0 ||| qw: Allow faded altars: false
     0 | D:1      | 0 ||| qw: Do Orc after D:15 true
     0 | D:1      | 0 ||| qw: Do second Lair branch before Depths: true
     0 | D:1      | 0 ||| qw: Lair rune preference: random
     0 | D:1      | 0 ||| qw: Plans: Normal
     0 | D:1      | 0 ||| PLANNING D:1-11
   185 | D:1      | 185 ||| Stepping ~*~*~tactically~*~*~ (stealth).
   410 | D:1      | 410 ||| DROPPING +0 club.
   487 | D:1      | Reached skill level 3 in Axes
   487 | D:1      | Reached XP level 2. HP: 17/17 MP: 6/6
   519 | D:1      | Found a faded altar of an unknown god.
   542 | D:1      | HP: 2/17 [gnoll/+0 club (5)]
   543 | D:1      | Slain by a gnoll

Levels and vault maps discovered:
D:1:      spicycebolla_arrival_xxxplode, layout_basic,
          dreamdust_ecumenical_altar_drowned_temple,
          kennysheep_decorative_pillar, minivault_14

Skill      XL: |  1 |
---------------+----+-----
Axes           | 3 |  3.1
Fighting       | |  2.0
Throwing       | |  1.0
Armour         | |  1.1
Dodging        | |  2.1
Spellcasting   | |  2.0
Translocations | |  2.4

Action                   || total
-------------------------++-------
Melee: Hand axe          ||    18
       Kick              ||     4
       Peck              ||     2
Throw: Boomerang         ||     7
       Javelin           ||     3
Armor: Leather armour    ||     2
Dodge: Dodged            ||     6

Table legend:
 A = Non-vault XP
 B = Vault XP
 C = Vault XP percentage of total XP
 D = Non-vault monster count
 E = Vault monster count
 F = Vault count percentage of total count
                 A         B        C        D         E       F
            +---------+---------+-------+---------+---------+-------
      Total |      12 |       1 |   7.7 |       7 |       1 |  12.5
            +---------+---------+-------+---------+---------+-------
        D:1 |      12 |       1 |   7.7 |       7 |       1 |  12.5
            +---------+---------+-------+---------+---------+-------
